 Dungeon Crawl Stone Soup version 0.29.1-15-g9cfb28693d (webtiles) character file.

Game seed: 8530818224935639220

13892 DemonSlayer the Thaumaturge (level 11, -1/112 HPs)
             Began as a Demonspawn Earth Elementalist on Apr 23, 2023.
             Was a Follower of Dithmenos.
             Slain by an anaconda simulacrum (5 damage)
             ... in an ice cave.
             The game lasted 00:34:01 (12354 turns).

DemonSlayer the Thaumaturge (DsEE)                 Turns: 12354, Time: 00:34:01

Health: -1/112     AC: 16    Str:  8    XL:     11   Next: 81%
Magic:  19/33      EV:  9    Int: 18    God:    Dithmenos [*.....]
Gold:   985        SH:  8    Dex: 17    Spells: 6/29 levels left

rFire   . . .      SeeInvis .   v - +7 hammer "Iplam" {freeze, rN+}
rCold   + . .      Faith    .   (no shield)
rNeg    + . .      Spirit   .   E - +4 ring mail of Lethargy {Slay+2}
rPois   .          Reflect  .   s - +1 helmet
rElec   .          Harm     .   u - +0 cloak
rCorr   .          Rampage  .   (no gloves)
Will    .....                   G - +2 pair of boots {Fly}
Stlth   ..........              a - amulet of magic regeneration
HPRegen 0.28/turn               e - ring of magical power
MPRegen 0.63/turn               y - ring of protection from cold

@: berserking (expiring), flying, wreathed by umbra, constricted, very quick
A: large bone plates 3, demonic touch 2
a: Renounce Religion


You were in an ice cave.
You worshipped Dithmenos.
Dithmenos was aware of your devotion.
You visited 2 branches of the dungeon, and saw 12 of its levels.
You also visited: Bailey and Ice Cave.

You collected 985 gold pieces.

Inventory:

Hand Weapons
 j - a +6 dagger of venom
 v - the +7 hammer "Iplam" (weapon) {freeze, rN+}
   (You found it on level 2 of the Dungeon)

   It freezes those it strikes, dealing additional cold damage.
   It can also slow down cold-blooded creatures.
   rN:        It protects you from negative energy.
Missiles
 f - 10 javelins
Armour
 i - the +1 robe "Bant" {Int+4 Stlth+}
   (You found it on level 10 of the Dungeon)

   Int:       It affects your intelligence (+4).
   Stlth:     It makes you more stealthy.
 s - a +1 helmet (worn)
 u - a +0 cloak (worn)
 E - the +4 ring mail of Lethargy (worn) {Slay+2}
   (You found it on level 8 of the Dungeon)

   Slay:      It affects your accuracy & damage with ranged weapons and melee
   (+2).
 G - a +2 pair of boots of flying (worn)
Jewellery
 a - an amulet of magic regeneration (around neck)
 e - a ring of magical power (left hand)
 w - a +4 ring of protection
 y - a ring of protection from cold (right hand)
 D - a ring of poison resistance
Wands
 o - a wand of flame (15)
 I - a wand of digging (2)
 K - a wand of light (1)
Scrolls
 d - 2 scrolls of magic mapping
 h - 6 scrolls of teleportation
 m - a scroll of identify
 q - a scroll of enchant armour
 r - 3 scrolls of amnesia
 A - a scroll of torment
 B - a scroll of immolation
 C - 2 scrolls of vulnerability
 F - a scroll of fear
Potions
 b - a potion of magic
 k - 6 potions of flight
 l - 6 potions of curing
 p - 4 potions of mutation
 t - 2 potions of lignification
Miscellaneous
 c - a lightning rod (4/4)
 n - a condenser vane


   Skills:
 + Level 3.0 Fighting
 + Level 3.8 Maces & Flails
 + Level 0.3 Throwing
 + Level 4.0 Armour
 + Level 4.6 Dodging
 + Level 4.8 Stealth
 + Level 2.6 Shields
 + Level 9.6 Spellcasting
 + Level 8.2 Conjurations
 + Level 0.8 Hexes
 + Level 0.8 Transmutations
 + Level 0.5 Ice Magic
 + Level 9.3 Earth Magic
 + Level 0.1 Evocations


You had 6 spell levels left.
You knew the following spells:

 Your Spells              Type           Power      Damage    Failure   Level
a - Sandblast             Erth           84%        2d18      1%          1
b - Passwall              Tmut/Erth      22%        N/A       4%          2
c - Stone Arrow           Conj/Erth      80%        3d12      1%          3
d - Ensorcelled Hibernat  Hex/Ice        22%        N/A       26%         2
e - Swiftness             Air            8%         N/A       56%         3
f - Confusing Touch       Hex            11%        N/A       45%         3
g - Petrify               Tmut/Erth      27%        N/A       28%         4
h - Summon Mana Viper     Hex/Summ       10%        N/A       99%         5

Your spell library contained the following spells:

 Spells                   Type           Power      Damage    Failure   Level
 Yara's Violent Unravell  Hex/Tmut       5%         3d4       99%         5
 Summon Forest            Summ/Tloc      4%         N/A       100%        5
 Summon Cactus Giant      Summ           4%         N/A       100%        6
 Enfeeble                 Hex            5%         N/A       100%        7


Dungeon Overview and Level Annotations

Branches:
Dungeon (11/15)            Temple (1/1) D:5            Lair (0/5) D:11
    Orc (0/2) D:11         Bailey (visited)           IceCv (1/1)

Altars:
Ashenzari
Cheibriados
Dithmenos
Fedhas
Gozag
Hepliaklqana
Kikubaaqudgha
Makhleb
Nemelex Xobeh
Okawaru
Qazlal
Ru
Sif Muna
Trog
Uskayaw
Vehumet
Wu Jian
Xom
Yredelemnul

Shops:
D:5 =   D:6 *


Innate Abilities, Weirdness & Mutations

You are completely covered in large bone plates. (SH +8)
Your touch may inflict irresistible damage on your foes.


Message History

* * * LOW HITPOINT WARNING * * *
The white ugly thing freezes you! You resist.
* * * LOW HITPOINT WARNING * * *
The elephant simulacrum tramples you.
* * * LOW HITPOINT WARNING * * *
You are held in place!
The elephant simulacrum trunk-slaps you but does no damage.
Unknown command.
You closely miss the white ugly thing.
The white ugly thing is moderately wounded.
The anaconda simulacrum bites you.
* * * LOW HITPOINT WARNING * * *
The anaconda simulacrum freezes you! You resist.
* * * LOW HITPOINT WARNING * * *
The anaconda simulacrum constricts you.
The white ugly thing tail-slaps you but does no damage.
The anaconda simulacrum barely misses you.
The anaconda simulacrum constricts you.
* * * LOW HITPOINT WARNING * * *
The elephant simulacrum tramples you.
* * * LOW HITPOINT WARNING * * *
You are held in place!
You block the elephant simulacrum's attack.
You thump the white ugly thing! You freeze the white ugly thing.
You touch the white ugly thing!
The white ugly thing is severely wounded.
The anaconda simulacrum bites you but does no damage.
The anaconda simulacrum constricts you.
The white ugly thing closely misses you.
You escape the anaconda simulacrum's grasp.
There is an ice covered gate leading back out of this place here.
You feel a strong urge to attack something.
The anaconda simulacrum grabs you.
You stop descending the stairs.
The anaconda simulacrum bites you but does no damage.
The anaconda simulacrum constricts you.
You hit the white ugly thing. You freeze the white ugly thing.
The white ugly thing is severely wounded.
The white ugly thing tail-slaps you but does no damage.
The anaconda simulacrum bites you.
You die...

### ...###
......#
.......##
........##
.8.......#
.......Z.#
$....Z.Z@#
.......u.#
.8.......#
........##
.......##
......#
...### ###


You could see a white ugly thing, an anaconda simulacrum, an elephant simulacrum
and a polar bear simulacrum.

Vanquished Creatures
  Erolcha (D:10)
  Urug (D:10)
  Nergalle (D:10)
  A deep elf pyromancer (D:10)
  3 orc knights
  2 manticores (D:10)
  An ugly thing (D:10)
  A cyclops (D:10)
  A gargoyle (D:10)
  A yaktaur (D:10)
  2 trolls (D:9)
  A wind drake (shapeshifter) (D:10)
  A hornet (D:9)
  Sigmund (D:2)
  A wraith (D:9)
  A shadow (D:10)
  A wyvern (D:9)
  Eustachio (D:5)
  11 yaks
  4 steam dragons
  Menkaure (D:4)
  4 vampire mosquitoes (D:10)
  Edmund (D:6)
  2 acid dragons
  2 water moccasins
  A hydra simulacrum (IceCv)
  Duvessa (D:5)
  2 ice beasts (D:6)
  A sky beast (D:6)
  10 orc warriors
  2 black bears
  A phantom (D:6)
  4 centaurs
  A kobold brigand (D:8)
  4 bullfrogs
  4 necrophages
  A scorpion (D:7)
  4 wights (D:9)
  Dowan (D:5)
  An elephant simulacrum (IceCv)
  2 hounds
  A jelly (D:4)
  Crazy Yiuf (D:2)
  2 orc priests
  2 gnoll boudas
  Terence (D:3)
  3 iguanas
  Ijyb (D:3)
  6 orc wizards
  A polar bear simulacrum (IceCv)
  Robin (D:2)
  4 adders
  10 gnolls
  4 white imps
  A worm (D:3)
  2 dart slugs
  20 orcs
  7 bats
  4 endoplasms
  5 giant cockroaches
  19 goblins
  12 hobgoblins
  5 jackals
  4 quokkas
  2 training dummies (D:5)
  3 ball pythons
  3 frilled lizards
  19 kobolds
  6 rats
236 creatures vanquished.

Notes
Turn   | Place    | Note
-------+----------+-------------------------------------------
     0 | D:1      | DemonSlayer the Demonspawn Earth Elementalist began the
                  | quest for the Orb.
     0 | D:1      | Reached XP level 1. HP: 13/13 MP: 3/3
   178 | D:1      | Gained mutation: You are partially covered in large bone
                  | plates. (SH +4) [demonic ancestry]
   178 | D:1      | Reached XP level 2. HP: 19/19 MP: 5/5
   323 | D:1      | Found a faded altar of an unknown god.
   766 | D:1      | Gained mutation: Your touch may inflict minor irresistible
                  | damage on your foes. [demonic ancestry]
   766 | D:1      | Reached XP level 3. HP: 24/24 MP: 6/6
  1000 | D:1      | Learned a level 2 spell: Passwall
  1004 | D:1      | Learned a level 3 spell: Stone Arrow
  1488 | D:2      | Noticed Robin
  1505 | D:2      | Reached XP level 4. HP: 28/30 MP: 8/8
  1547 | D:2      | Killed Robin
  1728 | D:2      | Noticed Sigmund
  1744 | D:2      | Killed Sigmund
  1745 | D:2      | Reached XP level 5. HP: 21/35 MP: 10/10
  2157 | D:2      | Found a runed translucent door.
  2158 | D:2      | Noticed Crazy Yiuf
  2165 | D:2      | Killed Crazy Yiuf
  2166 | D:2      | Reached XP level 6. HP: 41/41 MP: 11/11
  2198 | D:2      | Identified the +7 hammer "Iplam" {freeze, rN+}
  2289 | D:2      | Learned a level 2 spell: Ensorcelled Hibernation
  2293 | D:2      | Learned a level 3 spell: Swiftness
  2359 | D:3      | Noticed Terence
  2364 | D:3      | Killed Terence
  2597 | D:3      | Noticed Ijyb
  2607 | D:3      | Killed Ijyb
  3095 | D:4      | Noticed Menkaure
  3105 | D:4      | Killed Menkaure
  3106 | D:4      | Reached skill level 1 in Maces & Flails
  3106 | D:4      | Gained mutation: Your touch may inflict irresistible damage
                  | on your foes. [demonic ancestry]
  3106 | D:4      | Reached XP level 7. HP: 8/47 MP: 13/13
  3608 | D:4      | Learned a level 3 spell: Confusing Touch
  3622 | D:5      | Entered Level 5 of the Dungeon
  3623 | D:5      | Noticed Eustachio
  3629 | D:4      | Reached skill level 5 in Earth Magic
  3708 | D:5      | Killed Eustachio
  3912 | D:5      | Reached skill level 1 in Fighting
  3950 | D:5      | Found Qidoveba's Jewellery Shop.
  4103 | D:5      | Noticed Edmund
  4104 | D:5      | Noticed Dowan
  4105 | D:5      | Noticed Duvessa
  4132 | D:6      | Killed Edmund
  4133 | D:6      | Reached skill level 5 in Spellcasting
  4133 | D:6      | Reached skill level 1 in Conjurations
  4133 | D:6      | Gained mutation: You are mostly covered in large bone
                  | plates. (SH +6) [demonic ancestry]
  4133 | D:6      | Reached XP level 8. HP: 13/54 MP: 15/15
  4143 | D:6      | Reached skill level 1 in Shields
  4692 | D:6      | Reached skill level 1 in Armour
  5016 | D:6      | Found Tadiby's Neck Hole.
  5427 | D:6      | Learned a level 4 spell: Petrify
  5516 | D:5      | Killed Duvessa
  5600 | D:5      | Killed Dowan
  5601 | D:5      | Reached XP level 9. HP: 60/60 MP: 15/17
  5629 | D:5      | Found a staircase to the Ecumenical Temple.
  5806 | Temple   | Entered the Ecumenical Temple
  6465 | D:7      | Identified the +8 spear "Jellybane" {vorpal, rElec rN+
                  | Will+}
  7077 | D:8      | Identified the +4 ring mail of Lethargy {Slay+2}
  7152 | D:9      | Reached skill level 5 in Conjurations
  7232 | D:9      | Found a flagged portal.
  7246 | Bailey   | Entered a bailey
  7282 | Bailey   | Noticed an orc knight
  7388 | Bailey   | Noticed an orc knight
  7401 | Bailey   | Killed an orc knight
  7619 | Bailey   | Gained mutation: You are completely covered in large bone
                  | plates. (SH +8) [demonic ancestry]
  7619 | Bailey   | Reached XP level 10. HP: 66/66 MP: 19/20
  7692 | Bailey   | Killed an orc knight
  8690 | D:9      | Found an ornate altar of the Wu Jian Council.
  8692 | D:9      | Found an ancient bone altar of Kikubaaqudgha.
  8692 | D:9      | Found a snail-covered altar of Cheibriados.
  8693 | D:9      | Found a shadowy altar of Dithmenos.
  8697 | D:9      | Found a shimmering altar of Xom.
  9224 | D:9      | Became a worshipper of Dithmenos the Shadowed
  9560 | D:9      | Learned a level 5 spell: Summon Mana Viper
 10004 | D:8      | Reached XP level 11. HP: 71/71 MP: 23/23
 10183 | D:10     | Entered Level 10 of the Dungeon
 10229 | D:10     | Identified the +1 robe "Bant" {Int+4 Stlth+}
 10370 | D:10     | Noticed Urug
 10378 | D:10     | Killed Urug
 10440 | D:10     | Noticed Erolcha
 10473 | D:10     | Killed Erolcha
 10745 | D:10     | Noticed Nergalle
 10751 | D:10     | Killed Nergalle
 11000 | D:10     | Reached * piety under Dithmenos
 11005 | D:10     | Noticed a white ugly thing
 11007 | D:10     | Noticed an orc knight
 11018 | D:10     | Killed a white ugly thing
 11018 | D:10     | Noticed a deep elf pyromancer
 11021 | D:10     | Killed an orc knight
 11042 | D:10     | Killed a deep elf pyromancer
 12272 | D:11     | Found a staircase to the Orcish Mines.
 12330 | D:11     | Found a frozen archway.
 12341 | IceCv    | Entered an ice cave
 12341 | IceCv    | Noticed a white ugly thing
 12350 | IceCv    | HP: 4/112 [elephant simulacrum (3)]
 12354 | IceCv    | Slain by an anaconda simulacrum

Illustrated notes

Levels and vault maps discovered:
D:1:      dpeg_arrival_stone_temple_mockup, layout_basic,
          hellmonk_ecumenical_altar_run_dry, serial_corexii_hall,
          corexii_hall_statues_s, chequers_hall_statues_wall_a,
          hangedman_feature_mirror
D:2:      layout_basic, minmay_tromino_v2, uniq_sigmund,
          uniq_crazy_yiuf_cottage, uniq_robin
D:3:      layout_basic, uniq_terence, uniq_ijyb
D:4:      layout_cave_pools, uniq_menkaure
D:5:      dreamdust_elfheim, layout_rooms,
          minmay_temple_entry_statues_fountains,
          minmay_shop_enchanted_jewellery, uniq_eustachio, uniq_edmund
D:6:      layout_loops_ring, grunt_ministairs_3, st_stairs_14,
          nicolae_shop_sticking_my_neck_out
D:7:      layout_loops_corners
D:8:      layout_basic, moated_statue
D:9:      layout_loops_corners, minitemple, enter_bailey_5,
          kennysheep_generic_room_2
D:10:     minmay_the_grid_triangle_9x9_recursive_2_mashed
          [minmay_the_grid_triangle_9x9_prize_center,
          minmay_the_grid_triangle_9x9_impossible_snake,
          minmay_the_grid_triangle_9x9_odd_lines,
          minmay_the_grid_triangle_9x9_empty], layout_basic,
          wad_floor_pattern_2, uniq_urug, uniq_erolcha, uniq_nergalle
D:11:     layout_basic, lair_entry_dummy, orc_0_dummy,
          portal_ice_cave_entry_pillars_2, palyth_stone_intersect
Temple:   sentei_temple_godly_chess
IceCv:    ice_cave_statue_garden_transporter

Skill      XL: |  1  2  3  4  5  6  7  8  9 10 11 |
---------------+----------------------------------+-----
Stealth        | 2 3 4 |  4.8
Dodging        | 2 3 4 |  4.6
Earth Magic    | 3 4 5 6 7 8 9 |  9.3
Spellcasting   | 3 4 5 7 8 9 |  9.6
Maces & Flails | 1 2 3 |  3.8
Fighting       | 1 3 |  3.0
Conjurations   | 1 3 5 7 8 |  8.2
Shields        | 1 2 |  2.6
Armour         | 1 2 3 4 |  4.0
Throwing       | |  0.3
Hexes          | |  0.8
Transmutations | |  0.8
Ice Magic      | |  0.5
Evocations     | |  0.1

Action                   |  1- 3 |  4- 6 |  7- 9 | 10-12 || total
-------------------------+-------+-------+-------+-------++-------
Melee: Short sword       |     6 |       |       |       ||     6
       Dagger            |     1 |     3 |       |       ||     4
       Touch             |     1 |     3 |     5 |    15 ||    24
       Mace              |       |    31 |    33 |    52 ||   116
       Punch             |       |       |     1 |     1 ||     2
Throw: Javelin           |     7 |     4 |     2 |       ||    13
       Dart              |       |       |     1 |       ||     1
 Cast: Sandblast         |    54 |    44 |     9 |       ||   107
       Ensorcelled Hiber |       |     4 |     2 |       ||     6
       Stone Arrow       |       |     3 |   148 |   149 ||   300
Evoke: Wand              |       |       |       |     1 ||     1
  Use: Potion            |       |     1 |     4 |     7 ||    12
       Scroll            |       |     9 |    10 |     7 ||    26
 Stab: Sleeping          |     1 |     5 |     2 |     1 ||     9
       Distracted        |       |       |       |     1 ||     1
Armor: Robe              |     5 |    24 |    20 |     5 ||    54
       Leather armour    |       |       |    37 |       ||    37
       Ring mail         |       |       |    22 |    45 ||    67
Dodge: Dodged            |    13 |    23 |   104 |    57 ||   197
Block: Other             |     2 |     9 |    36 |    38 ||    85
